 Dungeon Crawl Stone Soup version 0.29.1-2-gbd0b4ee654 (webtiles) character file.

Game seed: 11572710697946434321

492 gzilladon the Chopper (level 6, -2/56 HPs)
             Began as a Minotaur Berserker on Nov 9, 2022.
             Was a Believer of Trog.
             Slain by a gnoll
             ... wielding a +2 spear of venom
             ... led by a gnoll sergeant
              (9 damage)
             ... on level 4 of the Dungeon.
             The game lasted 00:09:55 (3668 turns).

gzilladon the Chopper (Minotaur Berserker)          Turns: 3668, Time: 00:09:56

Health: -2/56      AC:  9    Str: 24    XL:     6   Next: 91%
Magic:  5/5        EV:  9    Int:  4    God:    Trog [**....]
Gold:   248        SH:  0    Dex:  9    Spells: 5/5 levels left

rFire   . . .      SeeInvis .   a - +0 hand axe
rCold   . . .      Faith    .   (no shield)
rNeg    . . .      Spirit   .   j - +0 chain mail
rPois   .          Reflect  .   (helmet restricted)
rElec   .          Harm     +   q - scarf {harm}
rCorr   .          Rampage  .   (no gloves)
Will    .....                   (no boots)
Stlth   ..........              (no amulet)
HPRegen 0.18/turn               (no ring)
MPRegen 0.09/turn               (no ring)

@: lethally poisoned (-2 -> -18)
A: horns 2, retaliatory headbutt
a: Renounce Religion, Berserk, Trog's Hand


You were on level 4 of the Dungeon.
You worshipped Trog.
Trog was pleased with you.
You visited 1 branch of the dungeon, and saw 4 of its levels.

You collected 248 gold pieces.

Inventory:

Hand Weapons
 a - a +0 hand axe (weapon)
Armour
 b - a +0 animal skin
 g - a +0 ring mail
 j - a +0 chain mail (worn)
 o - a +0 helmet
 q - a scarf of harm (worn)
Jewellery
 m - an amulet of magic regeneration
Wands
 k - a wand of polymorph (2)
Scrolls
 d - 3 scrolls of identify {unknown}
 f - 2 scrolls of teleportation {unknown}
 n - 2 scrolls of immolation {unknown}
 p - a scroll of vulnerability {unknown}
Potions
 c - 4 potions of heal wounds {unknown}
 e - 2 potions of brilliance {unknown}
 h - 2 potions of lignification {unknown}
 i - 4 potions of haste {unknown}
 l - 2 potions of attraction {unknown}


   Skills:
 + Level 5.3 Fighting
 * Level 6.5 Axes
 + Level 4.4 Armour
 + Level 4.1 Dodging


You had 5 spell levels left.
You didn't know any spells.
Your spell library was empty.

Dungeon Overview and Level Annotations

Branches:
Dungeon (4/15)
 Temple: D:4-7

Altars:
Hepliaklqana
Nemelex Xobeh
The Shining One


Innate Abilities, Weirdness & Mutations

You have a pair of horns on your head.
You reflexively headbutt those who attack you in melee.


Message History

Pargi claws you but does no damage. Pargi closely misses you.
The quokka closely misses you.
You slash Pargi!
Pargi is almost dead.
You hit the quokka.
You kill the quokka!
Trog accepts your kill. Pargi bites you. Pargi barely misses you.
Pargi claws you but does no damage.
You hit Pargi. You headbutt Pargi.
You kill Pargi!
Trog accepts your kill.
The troll leather armour {Pargi} is intact enough to wear.
Your Dodging skill increases to level 4!
You hit the gnoll. You headbutt the gnoll.
The gnoll is moderately wounded.
The gnoll hits you with a +0 flail.
You closely miss the gnoll.
The gnoll is moderately wounded.
The gnoll hits you but does no damage.
You are poisoned.
The gnoll hits you but does no damage.
You hit the gnoll.
The gnoll is heavily wounded.
You feel sick.
The gnoll hits you from afar with a +2 spear of venom.
You are more poisoned.
The gnoll hits you with a +0 flail.
You barely miss the gnoll. Your headbutt misses the gnoll.
The gnoll is heavily wounded.
You feel very sick.
The gnoll hits you from afar with a +2 spear of venom.
You are lethally poisoned!
The gnoll hits you with a +0 flail.
* * * LOW HITPOINT WARNING * * *
You completely miss the gnoll. Your headbutt misses the gnoll.
The gnoll is heavily wounded.
* * * LOW HITPOINT WARNING * * *
You feel very sick.
The gnoll hits you from afar with a +2 spear of venom!
You die... .## g.. gg#

#.# #g# # #.#
#g# .# #.# #g#
(# #.# #g#..#
#.#.##.###@#..#
#.#........†..#
#.#.##.###.#.##
#<########.#..!
#..........#
##..
####...##### ..
#......# .
#......#
#......#


You could see a gnoll sergeant, 5 gnolls and a goblin.

Vanquished Creatures
  Sigmund (D:3)
  Pargi (D:4)
  Natasha (thrice) (D:2)
  Terence (D:2)
  4 gnolls (D:3)
  5 adders (D:2)
  A worm (D:2)
  5 orcs (D:3)
  9 ball pythons
  7 endoplasms
  3 giant cockroaches
  6 goblins
  4 hobgoblins
  4 jackals
  3 quokkas
  2 bats
  A frilled lizard (D:3)
  5 kobolds
  5 rats
70 creatures vanquished.

Notes
Turn   | Place    | Note
-------+----------+-------------------------------------------
     0 | D:1      | gzilladon the Minotaur Berserker began the quest for the
                  | Orb.
     0 | D:1      | Reached XP level 1. HP: 19/19 MP: 0/0
    13 | D:1      | Found a faded altar of an unknown god.
   172 | D:1      | Reached XP level 2. HP: 23/27 MP: 1/1
   181 | D:1      | Reached skill level 4 in Axes
  1029 | D:1      | Reached ** piety under Trog
  1125 | D:2      | Reached XP level 3. HP: 28/33 MP: 2/2
  1146 | D:2      | Noticed Terence
  1161 | D:2      | Killed Terence
  1375 | D:2      | Noticed Natasha
  1389 | D:2      | Killed Natasha
  1390 | D:2      | Reached XP level 4. HP: 26/40 MP: 3/3
  1639 | D:2      | Noticed Natasha
  1649 | D:2      | Killed Natasha
  1650 | D:2      | Reached skill level 5 in Axes
  1999 | D:2      | Reached XP level 5. HP: 47/47 MP: 4/4
  2305 | D:2      | Noticed Natasha
  2326 | D:2      | Killed Natasha
  3095 | D:3      | Noticed Sigmund
  3106 | D:3      | Killed Sigmund
  3107 | D:3      | Reached skill level 5 in Fighting
  3107 | D:3      | Reached skill level 6 in Axes
  3107 | D:3      | Reached XP level 6. HP: 52/56 MP: 5/5
  3546 | D:3      | Found a hazy altar of Hepliaklqana.
  3555 | D:3      | Found a glowing golden altar of the Shining One.
  3560 | D:3      | Found a sparkling altar of Nemelex Xobeh.
  3649 | D:4      | Noticed Pargi
  3663 | D:4      | Killed Pargi
  3668 | D:4      | Slain by a gnoll

Illustrated notes

Levels and vault maps discovered:
D:1:      amcnicky_arrival_choice, layout_rooms, ebering_ecumenical_altar_hall,
          grunt_decor_cap, minmay_pentomino_r4
D:2:      minmay_recursive_quarters, layout_rooms, minmay_split_cup_small,
          uniq_natasha, uniq_terence
D:3:      layout_basic, grunt_temple_overflow_diamond, uniq_sigmund
D:4:      layout_basic, uniq_pargi

Skill      XL: |  1  2  3  4  5  6 |
---------------+-------------------+-----
Axes           | 4 5 6 |  6.5
Fighting       | 4 5 |  5.3
Armour         | 3 4 |  4.4
Dodging        | 3 4 |  4.1

Action                   |  1- 3 |  4- 6 || total
-------------------------+-------+-------++-------
Melee: Hand axe          |    64 |   124 ||   188
       Headbutt          |     8 |    20 ||    28
       Punch             |       |     1 ||     1
Armor: Animal skin       |     5 |       ||     5
       Ring mail         |    13 |       ||    13
       Chain mail        |     4 |    77 ||    81
       Skin              |       |    18 ||    18
Dodge: Dodged            |    57 |    57 ||   114
